 Dungeon Crawl Stone Soup version 0.28-a0-938-gbc3f381ebc (webtiles) character file.

Game seed: 17030680337425244460

72 cheechan the Slasher (level 4, -3/30 HPs)
             Began as an Octopode Gladiator on Nov 29, 2021.
             Slain by a gnoll (8 damage)
             ... on level 3 of the Dungeon.
             The game lasted 00:06:20 (1692 turns).

cheechan the Slasher (Octopode Gladiator)           Turns: 1692, Time: 00:06:21

Health: -3/30      AC:  1    Str: 14    XL:     4   Next: 26%
Magic:  4/4        EV: 14    Int: 10    God:
Gold:   81         SH:  0    Dex: 13    Spells: 3/3 levels left

rFire   . . .      SeeInvis .   a - +0 long sword
rCold   . . .      Faith    .   (no shield)
rNeg    . . .      Spirit   .   b - +0 hat
rPois   .          Reflect  .   (no amulet)
rElec   .          Harm     .   (no ring)
rCorr   .          Rampage  .   (no ring)
Will    .....                   (no ring)
Stlth   +++.......              (no ring)
HPRegen 0.10/turn               (no ring)
MPRegen 0.09/turn               (no ring)
                                (no ring)
                                (no ring)

@: no status effects
A: almost no armour, amphibious, 8 rings, camouflage 1, gelatinous body 1,
(nimble swimmer 1), tentacles
a: no special abilities


You were on level 3 of the Dungeon.
You visited 1 branch of the dungeon, and saw 3 of its levels.

You collected 81 gold pieces.

Inventory:

Hand Weapons
 a - a +0 long sword (weapon)
Missiles
 d - 17 bolts
 f - 24 poisoned darts
 k - 4 boomerangs (quivered)
Armour
 b - a +0 hat (worn)
Potions
 e - a potion of haste
 g - a potion of magic
 h - a potion of degeneration {unknown}
 j - a potion of curing {unknown}


   Skills:
 + Level 2.4 Fighting
 + Level 3.9 Long Blades
 + Level 2.3 Throwing
 + Level 3.5 Dodging
 + Level 1.4 Stealth


You had 3 spell levels left.
You didn't know any spells.
Your spell library was empty.

Dungeon Overview and Level Annotations

Branches:
Dungeon (3/15)

Altars:


Innate Abilities, Weirdness & Mutations

You cannot wear most types of armour.
You are amphibious.
You can wear up to eight rings at the same time.
Your skin changes colour to match your surroundings (Stealth+).
Your rubbery body absorbs attacks. (AC +1, EV +1)
((You are camouflaged near water. (Stealth+)))
You have tentacles for arms and can constrict up to eight enemies at once.


Message History

Aim: a gnoll, wielding a +2 vampiric halberd (63% to hit)
You throw a boomerang. The boomerang hits the gnoll.
The gnoll is heavily wounded.
Unknown command.
Throw: 3 throwing nets
Press: ? - help, Q - select action, (/) - cycle Shift-Dir - straight line, f/p - gnoll
Aim: a gnoll, wielding a +2 vampiric halberd (heavily wounded, 63% to hit)
You throw a throwing net. The throwing net hits the gnoll.
The gnoll is caught in the net!
The gnoll is heavily wounded.
The gnoll struggles against the net.
Throw: 2 throwing nets
Press: ? - help, Q - select action, (/) - cycle Shift-Dir - straight line, f - gnoll, p - gnoll
Aim: a gnoll, wielding a +0 spear (63% to hit)
You throw a throwing net.
The throwing net barely misses the gnoll.
The gnoll struggles against the net.
Throw: throwing net
Press: ? - help, Q - select action, (/) - cycle Shift-Dir - straight line, f/p - gnoll
Aim: a gnoll, wielding a +0 spear (63% to hit)
You throw a throwing net.
The throwing net closely misses the gnoll.
The gnoll struggles against the net.
The gnoll struggles against the net.
You see here a +0 club.
The gnoll struggles against the net.
The net rips apart, and the gnoll comes free!
There is a stone staircase leading down here.
Autopickup is now off.
Autopickup is now on.
You see here a pink potion.
You see here 2 throwing nets.
You see here a +0 club.
Throw: 4 boomerangs
Press: ? - help, Q - select action, (/) - cycle Shift-Dir - straight line, f/p - gnoll
Aim: a gnoll, wielding a +0 spear (63% to hit)
You throw a boomerang. The boomerang hits the gnoll.
The gnoll is lightly wounded.
The gnoll hits you from afar with a +0 spear!
You die...

##. #.. ... ..# #.#
#.### #.# #... ##
#######.####.# ...
.............# ..
######.####>###.#
#.# #.....# #@#
##.#### #.# #.# #g#
#S# # #S# #.#
######.#
#.#####(###...ยง..S
#..)S........###g#
############.# .
.... ##.###


You could see a gnoll and a ball python.

Vanquished Creatures
  4 adders
  2 worms (D:2)
  A dart slug (D:2)
  A bat (D:2)
  2 endoplasms
  A giant cockroach (D:1)
  2 goblins
  4 hobgoblins (D:1)
  4 kobolds
  A quokka (D:2)
  5 ball pythons
  4 rats
31 creatures vanquished.

Notes
Turn   | Place    | Note
-------+----------+-------------------------------------------
     0 | D:1      | cheechan the Octopode Gladiator began the quest for the
                  | Orb.
     0 | D:1      | Reached XP level 1. HP: 14/14 MP: 1/1
   116 | D:1      | Reached XP level 2. HP: 9/19 MP: 2/2
   721 | D:2      | Reached XP level 3. HP: 21/24 MP: 3/3
   812 | D:2      | Reached skill level 1 in Stealth
  1126 | D:2      | Reached XP level 4. HP: 18/30 MP: 4/4
  1655 | D:3      | HP: 1/30 [kobold (5)]
  1692 | D:3      | Slain by a gnoll

Illustrated notes

Levels and vault maps discovered:
D:1:      dpeg_arrival_rooms_with_view, layout_rooms, chequers_garden,
          minmay_statues_item
D:2:      layout_basic
D:3:      layout_loops_ring, general_overflow_altar, uniq_crazy_yiuf_cottage

Skill      XL: |  1  2  3 |
---------------+----------+-----
Stealth        | 1 |  1.4
Fighting       | |  2.4
Long Blades    | |  3.9
Throwing       | |  2.3
Dodging        | |  3.5

Action                   |  1- 3 |  4- 6 || total
-------------------------+-------+-------++-------
Melee: Long sword        |    42 |    12 ||    54
       Constrict         |    11 |     4 ||    15
       Tentacles         |     4 |     3 ||     7
Throw: Dart              |     1 |       ||     1
       Throwing net      |       |     3 ||     3
       Boomerang         |       |     3 ||     3
  Use: Scroll            |     6 |     1 ||     7
 Stab: Sleeping          |     4 |       ||     4
Armor: Skin              |     3 |     1 ||     4
Dodge: Dodged            |    34 |    11 ||    45

Table legend: (Time is in decaauts)
 A = Elapsed time spent in this place.
 B = Non-inter-level travel time spent in this place.
 C = Inter-level travel time spent in this place.
 D = Time resting spent in this place.
 E = Time spent auto-exploring this place.
 F = Levels seen in this place.
 G = Mean time per level.
                   A        B        C        D        E       F      G
               +--------+--------+--------+--------+--------+-----+--------+
         Total |   1703 |   1703 |      0 |    187 |      0 |   3 |  567.7 |
       Dungeon |   1703 |   1703 |      0 |    187 |      0 |   3 |  567.7 |
               +--------+--------+--------+--------+--------+-----+--------+

Top non-repeatable levels by time:
     D:2: 953 daAuts
     D:1: 695 daAuts
     D:3: 54 daAuts
